 Dungeon Crawl Stone Soup version 0.23-a0-516-g0f8c245 (webtiles) character file.

2926 galech the Chopper (level 9, -4/68 HPs)
             Began as a Demonspawn Fighter on Dec 5, 2018.
             Was a Follower of Okawaru.
             Slain by a two-headed ogre
             ... wielding a +0 giant club
              (23 damage)
             ... on level 8 of the Dungeon.
             The game lasted 00:08:24 (7234 turns).

galech the Chopper (Demonspawn Fighter)             Turns: 7234, Time: 00:08:25

Health: -4/68      AC: 13    Str: 17    XL:     9   Next: 50%
Magic:  0/9        EV: 13    Int:  9    God:    Okawaru [*.....]
Gold:   277        SH: 21    Dex: 16    Spells: 8/8 levels left

rFire    x . .     SeeInvis .   a - +0 war axe
rCold    + + .     Gourm    .   c - +0 shield
rNeg     . . .     Faith    .   w - +0 ice dragon scales
rPois    .         Spirit   +   (helmet restricted)
rElec    .         Reflect  +   y - scarf {Spirit}
rCorr    .         Harm     .   (no gloves)
MR       .....                  (no boots)
Stlth    +++.......             v - +3 amulet of reflection
HPRegen  0.21/turn              I - ring of stealth
MPRegen  0.11/turn              B - ring of wizardry

@: heroism
A: horns 2, large bone plates 2, demonic guardian 1
a: Heroism, Renounce Religion


You were on level 8 of the Dungeon.
You worshipped Okawaru.
Okawaru was aware of your devotion.
You were not hungry.

You visited 2 branches of the dungeon, and saw 9 of its levels.

You collected 277 gold pieces.

Inventory:

Hand Weapons
 a - a +0 war axe (weapon)
Armour
 b - a +0 scale mail
 c - a +0 shield (worn)
 q - a +3 ring mail
 w - +0 ice dragon scales (worn)
 y - a scarf of spirit shield (worn)
Jewellery
 s - an uncursed ring of flight
 v - a +3 amulet of reflection (around neck)
 B - a ring of wizardry (right hand)
 I - a ring of stealth (left hand)
Wands
 z - a wand of random effects (17)
 E - a wand of iceblast (14)
Scrolls
 e - 2 scrolls of amnesia {unknown}
 i - 7 scrolls of remove curse
 k - a scroll of enchant armour {unknown}
 l - 4 scrolls of identify
 n - 3 scrolls of teleportation
 o - a scroll of fog {unknown}
 r - a scroll of enchant weapon {unknown}
 t - 3 scrolls of random uselessness {unknown}
 u - 2 scrolls of magic mapping {unknown}
 C - a scroll of blinking {unknown}
Potions
 d - a potion of might
 g - a potion of lignification {unknown}
 h - 6 potions of curing {unknown}
 j - 2 potions of flight {unknown}
 m - a potion of ambrosia {unknown}
 p - 5 potions of brilliance {unknown}
 x - a potion of agility {unknown}
 D - a potion of degeneration {unknown}
 F - 3 potions of mutation {unknown}
 G - 3 potions of haste {unknown}
 H - a potion of resistance {unknown}
Comestibles
 f - 12 rations


   Skills:
 + Level 5.3(10.3) Fighting
 + Level 7.8(12.8) Axes
 + Level 5.6(10.6) Armour
 + Level 2.4(7.4) Dodging
 + Level 2.0(7.0) Stealth
 + Level 6.5(11.5) Shields


You had 8 spell levels left.
You didn't know any spells.
Your spell library contained the following spells:

 Spells                   Type           Power        Failure   Level  Hunger
 Beastly Appendage        Tmut           #.....       61%         1    ##.....
 Summon Small Mammal      Summ           #...         61%         1    ##.....
 Call Imp                 Summ           #.......     75%         2    ###....
 Sticks to Snakes         Tmut           #.......     75%         2    ###....
 Call Canine Familiar     Summ           #.......     91%         3    ####...
 Spider Form              Tmut/Pois      #.........   91%         3    ####...
 Summon Guardian Golem    Hex/Summ       #.......     91%         3    ####...
 Ice Form                 Ice/Tmut       #.......     100%        4    #####..
 Summon Ice Beast         Ice/Summ       #.......     100%        4    #####..
 Summon Lightning Spire   Summ/Air       #.......     100%        4    #####..
 Blade Hands              Tmut           #.........   100%        5    ######.


Dungeon Overview and Level Annotations

Branches:
Dungeon (8/15)             Temple (1/1) D:7
   Lair: D:8-11

Altars:
Ashenzari
Cheibriados
Dithmenos
Elyvilon
Fedhas
Gozag
Hepliaklqana
Kikubaaqudgha
Makhleb
Nemelex Xobeh
Okawaru
Qazlal
Sif Muna
Uskayaw
Xom

Shops:
D:5 [   D:6 !


Innate Abilities, Weirdness & Mutations

You have a pair of horns on your head.
You are mostly covered in large bone plates. (SH +6)
A weak demonic guardian rushes to your aid.


Message History

You are too injured to fight recklessly!
You are too injured to fight recklessly!
You are too injured to fight recklessly!
You are too injured to fight recklessly!
You are too injured to fight recklessly!
You are too injured to fight recklessly!
You are too injured to fight recklessly!
You are too injured to fight recklessly!
You slash the two-headed ogre!
Your headbutt misses the two-headed ogre.
The two-headed ogre is lightly wounded.
You barely miss the two-headed ogre. You headbutt the two-headed ogre.
The two-headed ogre is lightly wounded.
Your quasit bites the two-headed ogre but does no damage.
Your quasit closely misses the two-headed ogre.
Your quasit claws the two-headed ogre but does no damage.
The two-headed ogre hits you with a +0 giant club!
* * * LOW HITPOINT WARNING * * *
The two-headed ogre hits you with a +0 giant club!!
You die...

....###.......#..##
....#.......#.....##
....#.......#......#
......#......##...##
##....#.#...####..#
#.......##.# #..#
#..#...###..###..#
#...#..###....#...##
#..#...# .......@5.#
..###... ...#...O.##
.. ..... ##.....# ..
. #.....# .# ##a...#
..# ...... #...
....... ....
.......## ...#


You could see a two-headed ogre, a worker ant and a friendly quasit.

Vanquished Creatures
  Pikel (D:5)
  A hornet (D:7)
  Grinder (D:5)
  A hippogriff (D:8)
  Edmund (D:5)
  2 ice beasts
  2 sky beasts
  A black bear (D:6)
  A phantom (D:7)
  An ogre (D:7)
  A bullfrog (D:7)
  A gnoll sergeant (D:8)
  2 centaur skeletons
  A hound (D:5)
  An orc priest (D:7)
  2 orc wizards
  A bullfrog skeleton (D:7)
  An iguana (D:8)
  5 worker ants
  A hound skeleton (D:5)
  A worker ant zombie (D:8)
  9 adders
  10 gnolls
  2 shadow imps
  3 oozes
  2 adder skeletons
  A worm (D:6)
  2 dart slugs
  4 leopard geckos
  22 orcs
  2 ball pythons
  4 bats
  5 giant cockroaches
  4 hobgoblins
  3 jackals (D:3)
  A quokka (D:5)
  6 frilled lizards
  8 goblins
  A jackal skeleton (D:5)
  5 kobolds
  4 rats
127 creatures vanquished.

Vanquished Creatures (collateral kills)
  An ice beast (D:7)
  An orc warrior (D:8)
  2 sky beasts
  2 slaves (D:5)
  An ogre (D:5)
  A water moccasin skeleton (D:5)
  2 gnolls (D:8)
  An orc (D:6)
11 creatures vanquished.

Vanquished Creatures (others)
  A centaur (D:7)
  An adder (D:5)
2 creatures vanquished.

Grand Total: 140 creatures vanquished

Notes
Turn   | Place    | Note
-------+----------+-------------------------------------------
     0 | D:1      | galech the Demonspawn Fighter began the quest for the Orb.
     0 | D:1      | Reached XP level 1. HP: 18/18 MP: 1/1
   370 | D:1      | Gained mutation: You have a pair of small horns on your
                  | head. [demonic ancestry]
   370 | D:1      | Reached XP level 2. HP: 24/24 MP: 2/2
   816 | D:2      | Found an opulent altar of Gozag.
   954 | D:2      | Reached skill level 2 in Axes
  1080 | D:2      | Reached XP level 3. HP: 3/29 MP: 3/3
  1651 | D:3      | Found a sparkling altar of Nemelex Xobeh.
  1709 | D:3      | Gained mutation: You have a pair of horns on your head.
                  | [demonic ancestry]
  1709 | D:3      | Reached XP level 4. HP: 34/35 MP: 4/4
  1863 | D:3      | Reached skill level 1 in Dodging
  2142 | D:3      | Reached skill level 3 in Axes
  2359 | D:3      | Found an ancient bone altar of Kikubaaqudgha.
  2387 | D:3      | Found a hazy altar of Hepliaklqana.
  2448 | D:4      | Gained mutation: You are partially covered in large bone
                  | plates. (SH +4) [demonic ancestry]
  2448 | D:4      | Reached XP level 5. HP: 41/41 MP: 5/5
  2703 | D:4      | Found a shimmering altar of Xom.
  3060 | D:4      | Found a white marble altar of Elyvilon.
  3060 | D:4      | Found a shattered altar of Ashenzari.
  3104 | D:4      | Found a stormy altar of Qazlal.
  3104 | D:4      | Found a blossoming altar of Fedhas.
  3105 | D:4      | Found a snail-covered altar of Cheibriados.
  3582 | D:4      | Found a hide-covered altar of Uskayaw.
  3603 | D:5      | Entered Level 5 of the Dungeon
  3623 | D:5      | Noticed a sky beast
  3635 | D:5      | Killed a sky beast
  3635 | D:5      | Gained mutation: A weak demonic guardian rushes to your
                  | aid. [demonic ancestry]
  3635 | D:5      | Reached XP level 6. HP: 34/47 MP: 6/6
  3734 | D:5      | Noticed a sky beast
  3742 | D:5      | Killed a sky beast
  3742 | D:5      | Reached skill level 4 in Axes
  3804 | D:5      | Noticed Pikel
  3804 | D:5      | Noticed a slave
  3804 | D:5      | Noticed a slave
  3804 | D:5      | Noticed a slave
  3804 | D:5      | Noticed a slave
  3810 | D:5      | Killed a slave
  3821 | D:5      | Killed a slave
  3838 | D:5      | HP: 2/47 [hound (4)]
  4298 | D:5      | Noticed Grinder
  4306 | D:5      | Killed Pikel
  4306 | D:5      | Reached skill level 1 in Stealth
  4306 | D:5      | Reached XP level 7. HP: 39/53 MP: 5/7
  4311 | D:5      | Killed Grinder
  4311 | D:5      | Reached skill level 5 in Axes
  4511 | D:5      | Reached skill level 5 in Shields
  4511 | D:5      | Reached XP level 8. HP: 59/60 MP: 6/8
  4642 | D:5      | Found Fidi's Antique Armour Shoppe.
  4872 | D:5      | Noticed Edmund
  4886 | D:5      | Killed Edmund
  5097 | D:6      | Reached skill level 6 in Axes
  5116 | D:6      | Reached skill level 5 in Armour
  5204 | D:6      | Found a shadowy altar of Dithmenos.
  5493 | D:5      | Noticed a rust devil
  5493 | D:5      | Noticed a rust devil
  5526 | D:6      | Found Qegaasiv's Distillery.
  5726 | D:7      | Found a staircase to the Ecumenical Temple.
  5739 | Temple   | Entered the Ecumenical Temple
  5786 | Temple   | Became a worshipper of Warmaster Okawaru
  6100 | D:7      | Reached skill level 7 in Axes
  6248 | D:7      | Noticed a hornet
  6254 | D:7      | Paralysed by a hornet for 1 turns
  6262 | D:7      | Killed a hornet
  6262 | D:7      | Gained mutation: You are mostly covered in large bone
                  | plates. (SH +6) [demonic ancestry]
  6262 | D:7      | Reached XP level 9. HP: 39/67 MP: 7/9
  6767 | D:8      | Reached skill level 5 in Fighting
  6811 | D:8      | Reached * piety under Okawaru
  7228 | D:8      | Noticed a two-headed ogre
  7234 | D:8      | Slain by a two-headed ogre

Vault maps used:
D:1:      dpeg_arrival_round_c
D:2:      overflow_temple_1_default
D:3:      lemuel_doored_altar, lemuel_round_altar, lemuel_crystal_altar,
          first_ration
D:4:      gammafunk_temple_overflow_claw, gammafunk_temple_overflow_wave,
          nicolae_overflow_hidden_temple, kennysheep_generic_room_10
D:5:      cheibrodos_iron_armory, serial_shops, kennysheep_little_box,
          uniq_edmund, uniq_grinder, uniq_pikel
D:6:      serial_shops, shop, basic_altar
D:7:      minmay_temple_entry_slanted
Temple:   nicolae_temple_figure_zero

Skill      XL: |  1  2  3  4  5  6  7  8  9 |
---------------+----------------------------+-----
Armour         | 3 4 5 |  5.6
Axes           | 2 3 4 5 7 |  7.8
Shields        | 3 4 5 6 |  6.5
Dodging        | 1 2 |  2.4
Stealth        | 1 2 |  2.0
Fighting       | 4 5 |  5.3

Action                   |  1- 3 |  4- 6 |  7- 9 || total
-------------------------+-------+-------+-------++-------
Melee: War axe           |    99 |   163 |   221 ||   483
       Headbutt          |     5 |    20 |    52 ||    77
Invok: Heroism           |       |       |     1 ||     1
  Use: Scroll            |       |     3 |       ||     3
       Potion            |       |     1 |       ||     1
 Stab: Distracted        |       |     1 |     4 ||     5
       Sleeping          |       |       |     1 ||     1
  Eat: Chunk             |     3 |     5 |     6 ||    14
       Ration            |       |     1 |     1 ||     2
Armor: Scale mail        |    44 |       |       ||    44
       Ring mail         |    18 |    53 |       ||    71
       Ice dragon scales |       |    26 |    67 ||    93
Dodge: Dodged            |    40 |    54 |    38 ||   132
Block: Shield            |    62 |   147 |   212 ||   421
       Reflection        |       |     3 |     4 ||     7

Table legend:
 A = Non-vault XP
 B = Vault XP
 C = Vault XP percentage of total XP
 D = Non-vault monster count
 E = Vault monster count
 F = Vault count percentage of total count
                 A         B        C        D         E       F
            +---------+---------+-------+---------+---------+-------
      Total |    3205 |     976 |  23.3 |     133 |       4 |   2.9
            +---------+---------+-------+---------+---------+-------
        D:1 |      18 |       0 |   0.0 |      12 |       0 |   0.0
        D:2 |      71 |       0 |   0.0 |      12 |       0 |   0.0
        D:3 |     106 |       0 |   0.0 |      27 |       0 |   0.0
        D:4 |     123 |       1 |   0.8 |      16 |       1 |   5.9
        D:5 |     571 |     975 |  63.1 |      17 |       3 |  15.0
        D:6 |     385 |       0 |   0.0 |      10 |       0 |   0.0
        D:7 |     988 |       0 |   0.0 |      18 |       0 |   0.0
        D:8 |     943 |       0 |   0.0 |      21 |       0 |   0.0
            +---------+---------+-------+---------+---------+-------
